AoeStats
← nap ydnar

African Clearing

510930417Analyzed
4v4 RM · 12h ago on Oct 3, 2026· 50m 53s· 8 players
Game mode
Random Map
Map size
Large (8 player)
Population
200
Speed
Normal
Resources
Standard
Victory
Conquest
Starting age
Dark Age
Ending age
Imperial Age
RankedLock teamsTeams togetherTeam positionsShared explorationLock speedFull tech treeHidden civsTurbo modeCheats
Victory
Defeat
🇹🇼 Ethiopians · Taiwan
1361
+12
🇨🇳 Danes · China
1275
+15
🇲🇽 Vietnamese · Mexico
1257
+16
🇭🇰 Varangians · Hong Kong SAR China
1231
+17
🇨🇦 Mongols · Canada
1466
-23
🇳🇿 Cumans · New Zealand
1255
-15
🇺🇸 Goths · United States
1235
-14
🇳🇿 Wu · New Zealand
1079
-8
根本赢不了
8:43 Loom
14:38 Feudal Age
18:40 Castle Age
19:10 Double-Bit Axe
19:06 Horse Collar
24:18 Scale Mail Armor
25:23 Chain Mail Armor
25:36 Bow Saw
26:02 Arson
26:18 Squires
32:49 Fletching
35:11 Bodkin Arrow
39:18 Town Watch
39:33 Gold Mining
43:13 Wheelbarrow
46:46 Imperial Age
44:54 Heavy Plow
45:14 Forging
45:43 Hand Cart
46:43 Iron Casting
46:47 Gold Shaft Mining
46:03 Stone Mining
47:08 Elite Jomsviking
48:09 Conscription
48:20 Plate Mail Armor
49:12 Blast Furnace
49:37 Bracer
49:38 Padded Archer Armor
49:06 Elite Skirmisher
50:05 Thumb Ring
SenorLeyenda561
3:10 Loom
12:54 Feudal Age
19:11 Castle Age
17:54 Double-Bit Axe
21:40 Scale Mail Armor
32:13 Stone Mining
41:16 Fletching
41:27 Padded Archer Armor
44:38 Wheelbarrow
43:50 Town Watch
44:19 Bow Saw
45:22 Bodkin Arrow
45:43 Leather Archer Armor
47:42 Thumb Ring
48:25 Ballistics
52:15 Imperial Age
mvtb
3:21 Loom
14:29 Feudal Age
16:09 Double-Bit Axe
21:48 Castle Age
19:46 Gold Mining
22:56 Wheelbarrow
23:08 Stone Mining
23:08 Fishing Lines
23:56 Bow Saw
24:37 Stone Shaft Mining
27:09 Horse Collar
27:28 Gillnets
28:30 Heavy Plow
34:22 Imperial Age
33:06 Hand Cart
34:25 Forging
34:17 Husbandry
35:15 Elite Jarl
36:40 Conscription
37:52 Scale Barding Armor
37:35 Vendel Legacy
39:06 Iron Casting
38:44 Bloodlines
39:24 Chain Barding Armor
41:00 Blast Furnace
45:57 Ballistics
46:38 Chemistry
47:48 Two-Man Saw
47:19 Crop Rotation
ming.3idionts
9:45 Loom
12:17 Feudal Age
13:04 Town Watch
14:47 Double-Bit Axe
18:48 Fletching
19:10 Gold Mining
20:35 Padded Archer Armor
26:06 Castle Age
26:54 Bodkin Arrow
26:23 Crossbowman
27:41 Bow Saw
28:50 Leather Archer Armor
31:27 Ballistics
34:48 Wheelbarrow
36:40 Hand Cart
43:47 Imperial Age
44:00 Gold Shaft Mining
43:40 Masonry
44:45 Bracer
46:04 Chemistry
45:27 Thumb Ring
46:23 Ring Archer Armor
46:39 Arbalester
47:43 Scale Mail Armor
48:40 Chain Mail Armor
47:52 Halberdier
51:01 Plate Mail Armor
50:32 Squires
51:22 Town Patrol
BurgeeBoy
2:57 Loom
12:36 Feudal Age
12:43 Man-at-Arms
13:51 Horse Collar
13:58 Double-Bit Axe
17:32 Scale Mail Armor
17:53 Forging
37:32 Castle Age
36:10 Gold Mining
37:44 Long Swordsman
38:24 Squires
39:36 Chain Mail Armor
40:16 Iron Casting
41:17 Bow Saw
41:20 Stone Mining
43:49 Heavy Plow
45:44 Wheelbarrow
44:54 Town Watch
50:23 Imperial Age
48:11 Anarchy
Ferraa
9:27 Loom
13:18 Feudal Age
14:08 Double-Bit Axe
18:32 Horse Collar
20:53 Wheelbarrow
23:16 Scale Barding Armor
25:14 Castle Age
23:35 Forging
24:43 Gold Mining
25:25 Bloodlines
26:49 Chain Barding Armor
28:00 Iron Casting
28:34 Heavy Plow
31:24 Town Watch
41:05 Hand Cart
44:32 Imperial Age
42:44 Fletching
43:48 Masonry
46:00 Cavalier
48:49 Plate Barding Armor
50:19 Gold Shaft Mining
Foami
10:29 Loom
13:19 Feudal Age
15:52 Double-Bit Axe
20:30 Castle Age
19:07 Man-at-Arms
21:02 Long Swordsman
39:32 Bow Saw
41:57 Imperial Age
39:50 Fletching
40:09 Padded Archer Armor
42:05 Bodkin Arrow
42:25 Leather Archer Armor
45:07 Ballistics
45:47 Chemistry
44:51 Bracer
44:41 Elite Fire Archer
49:04 Squires
48:49 Arson
49:11 Red Cliffs Tactics
nap ydnar
5:07 Loom
12:01 Feudal Age
12:32 Man-at-Arms
15:45 Fletching
24:50 Castle Age
23:33 Double-Bit Axe
23:31 Horse Collar
29:15 Castle Age
29:41 Padded Archer Armor
30:02 Bodkin Arrow
39:16 Town Watch
42:25 Bodkin Arrow
Connection lost

Rejoining the realm…

Still unreachable

The connection could not be restored.

Session expired

The server has moved on; the page needs a fresh start.